 Dungeon Sprint DCSS version 0.19-a0-1834-g6b7851e (webtiles) character file.

427 poirepourri the Quickloader (level 7, -2/59 HPs)
             Began as a Formicid Hunter on Oct 9, 2016.
             Was an Initiate of Okawaru.
             Slain by a slime creature (10 damage)
             ... in the Dungeon (Sprint I: "Red Sonja").
             The game lasted 00:01:22 (484 turns).

poirepourri the Quickloader (Formicid Hunter)        Turns: 484, Time: 00:01:23

Health: -2/59      AC:  3    Str: 16    XL:     7   Next: 18%
Magic:  7/7        EV: 13    Int: 11    God:    Okawaru [......]
Gold:   359        SH:  0    Dex: 13    Spells: 0 memorised, 6 levels left

rFire  . . .     SeeInvis +     a - +1 hand crossbow
rCold  . . .     Gourm    .     c - +0 leather armour
rNeg   . . .     Faith    .     (no shield)
rPois  .         Spirit   .     (helmet unavailable)
rElec  .         Dismiss  .     (no cloak)
rCorr  .         Reflect  .     (no gloves)
MR     .....     Harm     .     (no boots)
Stlth  +.........               (no amulet)
                                (no ring)
                                (no ring)

@: no status effects
A: permanent stasis, dig shafts and tunnels, four strong arms, antennae 3
a: Dig, Renounce Religion


You were in the Dungeon.
You worshipped Okawaru.
Okawaru was noncommittal.
You were not hungry.

You visited 1 branch You collected 359 gold pieces.

Inventory:

Hand Weapons
 a - a +1 hand crossbow (weapon)
 b - a +0 short sword
Missiles
 d - 9 bolts (quivered)
Armour
 c - a +0 leather armour (worn)
 l - a +0 buckler
Scrolls
 k - a scroll of blinking
Potions
 e - a potion of curing
 h - a potion of haste
 i - 2 potions of magic
 j - a potion of berserk rage
Comestibles
 f - a bread ration


   Skills:
 + Level 6.5 Fighting
 + Level 12.9 Crossbows
 - Level 1.3 Armour
 + Level 3.3 Dodging
 - Level 1.2 Stealth


You had 6 spell levels left.
You didn't know any spells.

Dungeon Overview and Level Annotations

Branches:
Dungeon (1/1)

Altars:
Cheibriados
Dithmenos
Elyvilon
Fedhas
Gozag
Hepliaklqana
Kikubaaqudgha
Makhleb
Nemelex Xobeh
Okawaru
Qazlal
Ru
Sif Muna
Trog
Uskayaw
Vehumet
Xom
Yredelemnul
Zin
The Shining One

Shops:
D =


Innate Abilities, Weirdness & Mutations

You are under a permanent stasis effect.
You can dig through walls and to a lower floor.
Your four strong arms can wield two-handed weapons with a shield.
You have a pair of large antennae on your head. (SInv)


Message History

There is an open door here.
Firing (i - inventory):
d - 11 bolts (quivered)
Press: ? - help, Shift-Dir - straight line, f/p - slime creature
Aim: a slime creature (lightly wounded)
You shoot a bolt. The bolt hits the slime creature!
The slime creature is moderately wounded.
The slime creature hits you!!
* * * LOW HITPOINT WARNING * * *
You feel much better. The slime creature hits you!
* * * LOW HITPOINT WARNING * * *
There is an open door, spattered with blood here.
Things that are here:
a dagger; a leather armour Firing (i - inventory):
d - 10 bolts (quivered)
Press: ? - help, Shift-Dir - straight line, f/p - slime creature
Aim: a slime creature (lightly wounded)
You shoot a bolt. The bolt hits the slime creature!!
The slime creature is heavily wounded.
The slime creature hits you!
You die...

################
#<.#.('..#..'.(#
#..J).#.(')(#..'..+
#.@#####'#.###'#__#
#..####..#...#(####
#..#__####..##.#
#..#_____##'#..+
#⌠⌠._.∩...'..._#
#.##_..__##_.#'#
#..#_____###+#.#
########## ### {


You could see a slime creature.

Vanquished Creatures
  Sigmund (D)
  A yak (D)
  An ogre (D)
  A jelly (D)
  Ijyb (D)
5 creatures vanquished.

Notes
Turn   | Place    | Note
-------+----------+-------------------------------------------
     0 | D        | poirepourri the Formicid Hunter began the quest for the Orb.
     0 | D        | Reached XP level 1. HP: 16/16 MP: 1/1
     2 | D        | Noticed Ijyb
    17 | D        | Killed Ijyb
    17 | D        | Reached skill level 6 in Crossbows
    17 | D        | Reached XP level 2. HP: 16/24 MP: 2/2
    17 | D        | Reached XP level 3. HP: 19/29 MP: 3/3
   151 | D        | Noticed an ogre
   156 | D        | Killed an ogre
   156 | D        | Reached skill level 9 in Crossbows
   156 | D        | Reached skill level 1 in Armour
   156 | D        | Reached XP level 4. HP: 37/37 MP: 4/4
   156 | D        | Reached XP level 5. HP: 42/42 MP: 5/5
   185 | D        | Noticed Sigmund
   195 | D        | Killed Sigmund
   195 | D        | Reached skill level 5 in Fighting
   195 | D        | Reached skill level 11 in Crossbows
   195 | D        | Reached XP level 6. HP: 30/51 MP: 6/6
   358 | D        | Found a deep blue altar of Sif Muna.
   360 | D        | Found a radiant altar of Vehumet.
   423 | D        | Found an ancient bone altar of Kikubaaqudgha.
   423 | D        | Found Hocumep's Jewellery Emporium.
   423 | D        | Found a basalt altar of Yredelemnul.
   423 | D        | Found a glowing golden altar of the Shining One.
   423 | D        | Found an iron altar of Okawaru.
   423 | D        | Found a bloodstained altar of Trog.
   423 | D        | Found a hide-covered altar of Uskayaw.
   423 | D        | Found a blossoming altar of Fedhas.
   423 | D        | Found a hazy altar of Hepliaklqana.
   423 | D        | Found a stormy altar of Qazlal.
   423 | D        | Found a shadowy altar of Dithmenos.
   423 | D        | Found a white marble altar of Elyvilon.
   423 | D        | Found a sacrificial altar of Ru.
   423 | D        | Found a glowing silver altar of Zin.
   423 | D        | Found a snail-covered altar of Cheibriados.
   423 | D        | Found an opulent altar of Gozag.
   423 | D        | Found a sparkling altar of Nemelex Xobeh.
   423 | D        | Noticed a yak
   427 | D        | Killed a yak
   427 | D        | Reached skill level 12 in Crossbows
   427 | D        | Reached XP level 7. HP: 59/59 MP: 7/7
   443 | D        | Became a worshipper of Warmaster Okawaru
   463 | D        | Found a burning altar of Makhleb.
   463 | D        | Found a shimmering altar of Xom.
   463 | D        | Noticed a slime creature
   484 | D        | Slain by a slime creature

Vault maps used:
D:        dungeon_sprint_1

Skill      XL: |  1  2  3  4  5  6 |
---------------+-------------------+-----
Fighting       | 3 4 5 6 |  6.5
Crossbows      | 6 9 11 12 | 12.9
Dodging        | 2 3 |  3.3
Armour         | 1 |  1.3
Stealth        | |  1.2

Action                   |  1- 3 |  4- 6 |  7- 9 || total
-------------------------+-------+-------+-------++-------
 Fire: Hand crossbow     |    14 |    16 |     8 ||    38
 Abil: Dig               |       |     3 |       ||     3
  Use: Potion            |       |       |     1 ||     1
Armor: Leather armour    |     1 |       |       ||     1
Dodge: Dodged            |     3 |     3 |     1 ||     7
